AoeStats
← Joaking

Marketplace

504661325Analyzed
1v1 RM · 25d ago on Sep 6, 2026· 33m 17s· 2 players
Game mode
Random Map
Map size
Tiny (2 player)
Population
200
Speed
Normal
Resources
Standard
Victory
Conquest
Starting age
Dark Age
Ending age
Imperial Age
RankedLock teamsTeams togetherTeam positionsShared explorationLock speedFull tech treeHidden civsTurbo modeCheats
Victory
Defeat
🇹🇼 Magyars · Taiwan
1063
+16
🇨🇱 Khmer · Chile
1069
-16
椰子
6:24 Loom
9:21 Feudal Age
9:54 Double-Bit Axe
14:03 Scale Barding Armor
17:58 Horse Collar
24:34 Castle Age
23:50 Gold Mining
25:45 Chain Barding Armor
26:11 Gold Shaft Mining
26:11 Bow Saw
26:08 Heavy Plow
27:01 Husbandry
27:12 Bloodlines
29:32 Bow Saw
Joaking
9:34 Loom
11:19 Feudal Age
26:36 Castle Age
26:32 Scale Barding Armor
27:40 Chain Barding Armor
27:44 Husbandry
27:55 Bloodlines
Connection lost

Rejoining the realm…

Still unreachable

The connection could not be restored.

Session expired

The server has moved on; the page needs a fresh start.